 Dungeon Crawl Stone Soup version 0.27-a0-988-g25969acef8 (webtiles) character file.

Game seed: 9839707415224557916

26546 spiderkeys the Slinger (level 13, -1/104 HPs)
             Began as a Gnoll Abyssal Knight on Apr 16, 2021.
             Was an Elder of Lugonu.
             Slain by an ogre mage
             ... wielding a +0 club
              (4 damage)
             ... while paralysed by an ogre mage
             ... on level 2 of the Orcish Mines.
             The game lasted 00:39:11 (16985 turns).

spiderkeys the Slinger (Gnoll Abyssal Knight)      Turns: 16985, Time: 00:39:11

Health: -1/104     AC: 11    Str: 14    XL:     13   Next: 26%
Magic:  25/25      EV:  2    Int: 14    God:    Lugonu [****..]
Gold:   0          SH:  0    Dex: 18    Spells: 24/28 levels left

rFire    . . .     SeeInvis .   s - +2 war axe (freeze)
rCold    . . .     Faith    .   d - +2 tower shield {reflect}
rNeg     . . .     Spirit   .   f - +0 troll leather armour
rPois    .         Reflect  +   i - +2 hat
rElec    .         Harm     .   K - +0 cloak
rCorr    .         Rampage  .   h - +1 pair of gloves
Will     .....                  (no boots)
Stlth    ++++......             D - amulet of regeneration
HPRegen  2.27/turn              v - +4 ring of evasion
MPRegen  0.19/turn              C - +6 ring of dexterity

@: paralysed, studying Slings
A: fangs 1, strong nose, distributed training
a: Renounce Religion, Depart the Abyss, Bend Space, Banish, Corrupt


You were on level 2 of the Orcish Mines.
You worshipped Lugonu.
Lugonu was greatly pleased with you.
You visited 2 branches of the dungeon, and saw 15 of its levels.
You visited the Abyss 2 times.
You also visited: Sewer.

Inventory:

Hand Weapons
 s - a +2 war axe of freezing (weapon)
 F - a +3 long sword of freezing
 H - a +0 hunting sling
Missiles
 c - 12 boomerangs (quivered)
 j - 71 sling bullets
 l - 342 stones
 r - 18 poisoned darts
 E - a boomerang of dispersal
Armour
 d - a +2 tower shield of reflection (worn)
 f - a +0 troll leather armour (worn)
 h - a +1 pair of gloves (worn)
 i - a +2 hat (worn)
 p - a +1 ring mail of poison resistance
 K - a +0 cloak (worn)
Jewellery
 b - a ring of wizardry
 n - an amulet of magic regeneration
 v - a +4 ring of evasion (left hand)
 C - a +6 ring of dexterity (right hand)
 D - an amulet of regeneration (around neck)
Wands
 q - a wand of mindburst (3)
 t - a wand of digging (1)
 L - a wand of paralysis (4)
 M - a wand of flame (29)
Scrolls
 a - 2 scrolls of identify
 w - a scroll of teleportation
 x - a scroll of fear
 y - a scroll of amnesia
Potions
 e - 3 potions of attraction
 g - 4 potions of might
 m - a potion of lignification
 u - a potion of curing
 z - a potion of brilliance
 A - 3 potions of haste
 B - 2 potions of magic
 J - 2 potions of invisibility


   Skills:
 + Level 10.4 Fighting
 + Level 8.1 Short Blades
 + Level 8.1 Long Blades
 + Level 8.1 Axes
 + Level 8.1 Maces & Flails
 + Level 9.4 Polearms
 + Level 8.1 Staves
 + Level 11.3 Slings
 + Level 8.1 Bows
 + Level 8.1 Crossbows
 + Level 8.1 Throwing
 + Level 9.4 Armour
 + Level 8.6 Dodging
 + Level 8.1 Stealth
 + Level 8.1 Shields
 + Level 8.1 Unarmed Combat
 + Level 8.1 Spellcasting
 + Level 6.7 Conjurations
 + Level 6.7 Hexes
 + Level 6.7 Summonings
 + Level 6.7 Necromancy
 + Level 6.7 Translocations
 + Level 6.7 Transmutations
 + Level 6.7 Fire Magic
 + Level 6.7 Ice Magic
 + Level 6.7 Air Magic
 + Level 6.7 Earth Magic
 + Level 6.7 Poison Magic
 + Level 10.0 Invocations
 + Level 8.1 Evocations


You had 24 spell levels left.
You knew the following spells:

 Your Spells              Type           Power      Damage    Failure   Level
a - Animate Skeleton      Necr           48%        N/A       9%          1
b - Beastly Appendage     Tmut           48%        N/A       9%          1
c - Ensorcelled Hibernat  Hex/Ice        48%        N/A       13%         2

Your spell library contained the following spells:

 Spells                   Type           Power      Damage    Failure   Level
 Apportation              Tloc           48%        N/A       9%          1
 Corona                   Hex            26%        N/A       9%          1
 Foxfire                  Conj/Fire      96%        2x1d8     9%          1
 Pain                     Necr           96%        1d8       9%          1
 Slow                     Hex            24%        N/A       13%         2
 Wereblood                Tmut           24%        N/A       13%         2
 Confusing Touch          Hex            24%        N/A       26%         3
 Conjure Flame            Conj/Fire      24%        6-21      26%         3
 Dazzling Flash           Conj/Hex       48%        N/A       26%         3
 Inner Flame              Hex/Fire       24%        N/A       26%         3
 Lesser Beckoning         Tloc           12%        N/A       26%         3
 Portal Projectile        Hex/Tloc       48%        N/A       26%         3
 Spider Form              Tmut/Pois      12%        N/A       26%         3
 Tukima's Dance           Hex            24%        N/A       26%         3
 Vampiric Draining        Necr           12%        2d7       26%         3
 Animate Dead             Necr           12%        N/A       63%         4
 Cause Fear               Hex            12%        N/A       63%         4
 Ice Form                 Ice/Tmut       24%        N/A       63%         4
 Leda's Liquefaction      Hex/Erth       12%        N/A       63%         4
 Sticky Flame             Conj/Fire      24%        2d5       63%         4
 Agony                    Necr           24%        N/A       93%         5
 Alistair's Intoxication  Tmut/Pois      16%        N/A       93%         5
 Borgnjor's Vile Clutch   Necr/Erth      12%        N/A       93%         5
 Fireball                 Conj/Fire      12%        3d7       93%         5
 Hydra Form               Tmut           12%        N/A       93%         5
 Death Channel            Necr           12%        N/A       100%        6
 Invisibility             Hex            24%        N/A       100%        6
 Simulacrum               Ice/Necr       12%        N/A       100%        6


Dungeon Overview and Level Annotations

Branches:
Dungeon (13/15)            Temple (0/1) D:5            Lair (0/6) D:11
    Orc (2/2) D:12            Elf (0/3) Orc:2        Vaults (0/5) D:13
  Sewer (visited)

Altars:
Cheibriados
Dithmenos
Fedhas
Kikubaaqudgha
Okawaru
Qazlal
Trog
Uskayaw
Vehumet
Wu Jian
Xom
Zin

Shops:
D:5 *

Annotations:
D:8 3 runed translucent doors, noodleboyJ's ghost, novice GnWn
D:9 2 transporters, LuckyCharm's ghost, amateur FoAK
D:11 3 runed translucent doors, exclusion: 2 oklob plants, thegreatwait's ghost, journeyman DgCj
D:13 3 runed translucent doors
Orc:1 Maurice
Abyss:1 Azrael; Rupert; Sigmund


Innate Abilities, Weirdness & Mutations

You have very sharp teeth.
Your uncanny sense of smell can sniff out nearby items.
Your experience applies equally to all skills.


Message History

You climb downwards.
A troll comes into view.
There is a stone staircase leading up, spattered with blood here.
A troll is nearby!
An ogre mage comes into view. It is wielding a +0 club.
The ogre mage moves out of view.
The troll bites you! You block the troll's attack. The troll barely misses you.
You barely miss the troll. You block the troll's attack. x2
The troll misses you. The troll bites you! The troll misses you.
The troll claws you but does no damage.
You hit the troll. You freeze the troll.
The troll is moderately wounded.
You block the troll's attack. x2; The troll claws you!
You closely miss the troll.
The troll is moderately wounded.
You block the troll's attack. x2; The troll claws you!
The ogre mage points at you and mumbles some strange words.
You suddenly lose the ability to move!
The troll bites you! The troll claws you but does no damage.
The troll claws you. The ogre mage casts a spell at you.
You shrug off the repeated paralysis!
The troll bites you! The troll claws you. The troll claws you!
An ogre comes into view. It is wielding a +0 giant club.
The troll bites you. The troll claws you but does no damage.
The troll claws you.
A two-headed ogre comes into view.
It is wielding a +0 giant spiked club and a +0 giant club.
The troll bites you but does no damage. The troll claws you but does no damage.
The troll claws you!
* * * LOW HITPOINT WARNING * * *
The ogre mage hits you with a +0 club.
* * * LOW HITPOINT WARNING * * *
The ogre shouts!
The troll bites you!
* * * LOW HITPOINT WARNING * * *
The troll claws you.
* * * LOW HITPOINT WARNING * * *
The troll claws you.
* * * LOW HITPOINT WARNING * * *
The ogre mage hits you with a +0 club.
You die...

.....#...........
.................. .
...........>...... ..
#........(........
...##...#...OO....$...
.....^.............$
#.#..#...............
##...T.O........#....
#.....@#.............
##.#.##.$............
# #...#.#.........
##..).#.........
#...<...........
#...)...........
#..........#..
#.#.#.........
#.#####..#.....


You could see a two-headed ogre, an ogre mage, a troll and an ogre.

Vanquished Creatures
  Nessos (D:12)
  A centaur warrior (D:13)
  4 two-headed ogres
  A deep troll (Orc:1)
  A wizard (D:13)
  An orc knight (Orc:1)
  An orc sorcerer (Orc:1)
  2 cyclopes
  A gargoyle (D:12)
  2 kobold demonologists
  An unseen horror (D:12)
  An efreet (D:12)
  2 trolls
  A hornet (D:9)
  A slime creature (D:12)
  A shadow (D:12)
  5 wraiths
  Eustachio (D:4)
  4 fire elementals (D:12)
  2 wyverns
  A human (D:11)
  9 yaks
  4 hogs (D:11)
  2 steam dragons (D:10)
  8 vampire mosquitoes
  2 wargs (D:12)
  A water moccasin (D:8)
  3 hell hounds
  An acid dragon (D:10)
  A sky beast (D:7)
  3 black bears
  An ice beast (D:8)
  10 orc warriors
  A wolf (D:9)
  A hornet zombie (D:7)
  8 ogres
  9 centaurs
  4 phantoms
  2 kobold brigands (D:12)
  A bullfrog (D:8)
  A scorpion (D:5)
  11 killer bees
  A vampire bat (D:3)
  5 wights
  8 howler monkeys
  3 centaur zombies
  A bullfrog zombie (D:5)
  A quasit (Abyss:1)
  A hound (D:5)
  A centaur skeleton (D:5)
  A gnoll shaman (D:7)
  16 orc priests
  2 bullfrog skeletons (D:6)
  20 orc wizards
  2 killer bee zombies
  A hound skeleton (D:3)
  9 gnolls
  A howler monkey zombie (D:9)
  5 adders
  A river rat (Sewer)
  A shadow imp (D:6)
  2 ufetubi (D:6)
  2 worms
  2 dart slugs
  4 fire bats
  50 orcs
  2 spectral bats (D:3)
  13 ball pythons
  13 bats
  A bat simulacrum (D:3)
  3 bat skeletons (D:3)
  A bat zombie (D:3)
  8 endoplasms
  A giant cockroach (D:2)
  13 goblins
  4 hobgoblins
  6 jackals
  7 kobolds
  6 quokkas
  10 frilled lizards
  A quokka skeleton (D:4)
  13 rats
360 creatures vanquished.

Vanquished Creatures (others)
  An orc wizard (Orc:1)
  An orc (D:12)
  A plant (D:11)
3 creatures vanquished.

Grand Total: 363 creatures vanquished

Notes
Turn   | Place    | Note
-------+----------+-------------------------------------------
     0 | Abyss:1  | spiderkeys the Gnoll Abyssal Knight began the quest for the
                  | Orb.
     0 | Abyss:1  | Reached XP level 1. HP: 23/23 MP: 3/3
    62 | Abyss:1  | Noticed a small abomination
   102 | Abyss:1  | Noticed a quasit
   129 | Abyss:1  | Killed a quasit
   130 | Abyss:1  | Reached XP level 2. HP: 3/29 MP: 5/5
   130 | Abyss:1  | Reached XP level 3. HP: 4/35 MP: 6/6
   130 | Abyss:1  | Identified a scroll of acquirement
   130 | Abyss:1  | Acquired a manual of Slings
   133 | D:1      | Escaped the Abyss
   727 | D:1      | Reached skill level 1 in Slings
   847 | D:1      | Reached skill level 1 in Short Blades
   847 | D:1      | Reached skill level 1 in Long Blades
   847 | D:1      | Reached skill level 1 in Axes
   847 | D:1      | Reached skill level 1 in Maces & Flails
   847 | D:1      | Reached skill level 1 in Staves
   847 | D:1      | Reached skill level 1 in Bows
   847 | D:1      | Reached skill level 1 in Crossbows
   847 | D:1      | Reached skill level 1 in Throwing
   847 | D:1      | Reached skill level 1 in Stealth
   847 | D:1      | Reached skill level 1 in Shields
   847 | D:1      | Reached skill level 1 in Unarmed Combat
   847 | D:1      | Reached skill level 1 in Spellcasting
   847 | D:1      | Reached skill level 1 in Evocations
   931 | D:1      | Reached ** piety under Lugonu
  1008 | D:1      | Reached XP level 4. HP: 41/41 MP: 7/7
  1915 | D:2      | Reached skill level 1 in Conjurations
  1915 | D:2      | Reached skill level 1 in Hexes
  1915 | D:2      | Reached skill level 1 in Summonings
  1915 | D:2      | Reached skill level 1 in Necromancy
  1915 | D:2      | Reached skill level 1 in Translocations
  1915 | D:2      | Reached skill level 1 in Transmutations
  1915 | D:2      | Reached skill level 1 in Fire Magic
  1915 | D:2      | Reached skill level 1 in Ice Magic
  1915 | D:2      | Reached skill level 1 in Air Magic
  1915 | D:2      | Reached skill level 1 in Earth Magic
  1915 | D:2      | Reached skill level 1 in Poison Magic
  2080 | D:2      | Found a faded altar of an unknown god.
  2569 | D:2      | Learned a level 1 spell: Animate Skeleton
  2571 | D:2      | Learned a level 1 spell: Beastly Appendage
  2703 | D:3      | Reached XP level 5. HP: 47/47 MP: 8/8
  2727 | D:3      | Reached skill level 2 in Slings
  2767 | D:3      | Reached *** piety under Lugonu
  2889 | D:3      | Reached skill level 5 in Invocations
  2889 | D:3      | Reached XP level 6. HP: 52/53 MP: 9/9
  3068 | D:3      | Found a radiant altar of Vehumet.
  3127 | D:3      | Found an ancient bone altar of Kikubaaqudgha.
  3403 | D:4      | Noticed Eustachio
  3429 | D:4      | Killed Eustachio
  3430 | D:4      | Reached skill level 5 in Polearms
  3430 | D:4      | Reached skill level 3 in Slings
  3430 | D:4      | Reached skill level 5 in Armour
  3587 | D:4      | Reached XP level 7. HP: 23/60 MP: 5/10
  3733 | D:4      | Found a glowing drain.
  3750 | Sewer    | Entered a sewer
  3830 | Sewer    | Reached **** piety under Lugonu
  4948 | D:5      | Entered Level 5 of the Dungeon
  4951 | D:5      | Found a blossoming altar of Fedhas.
  5014 | D:5      | Found a staircase to the Ecumenical Temple.
  5078 | D:5      | Found a snail-covered altar of Cheibriados.
  5078 | D:5      | Found Lubukhi's General Store.
  5105 | D:5      | Reached skill level 4 in Slings
  5341 | D:5      | Reached XP level 8. HP: 53/67 MP: 10/12
  6569 | D:5      | Found a bloodstained altar of Trog.
  6689 | D:5      | Found a hide-covered altar of Uskayaw.
  6763 | D:6      | Noticed Sigmund
  6764 | D:6      | Banished Sigmund
  6765 | D:6      | Reached skill level 5 in Slings
  7417 | D:5      | Reached XP level 9. HP: 44/72 MP: 11/14
  8357 | D:6      | Reached skill level 6 in Slings
  8357 | D:6      | Reached skill level 5 in Dodging
  8735 | D:7      | Found a shimmering altar of Xom.
  9144 | D:7      | HP: 5/111 [hornet zombie (1)]
  9161 | D:7      | Reached ***** piety under Lugonu
  9804 | D:7      | Learned a level 2 spell: Ensorcelled Hibernation
  9997 | D:8      | Found a glowing silver altar of Zin.
 10140 | D:8      | Reached XP level 10. HP: 77/80 MP: 17/17
 10263 | D:8      | Found a runed translucent gate.
 10263 | D:8      | Found a runed translucent gate.
 10263 | D:8      | Found a runed translucent gate.
 10446 | D:8      | Noticed a two-headed ogre
 10458 | D:8      | HP: 2/80 [two-headed ogre/+0 giant spiked club (25)]
 10498 | D:8      | Killed a two-headed ogre
 10499 | D:8      | Reached skill level 5 in Short Blades
 10499 | D:8      | Reached skill level 5 in Long Blades
 10499 | D:8      | Reached skill level 5 in Axes
 10499 | D:8      | Reached skill level 5 in Maces & Flails
 10499 | D:8      | Reached skill level 5 in Staves
 10499 | D:8      | Reached skill level 7 in Slings
 10499 | D:8      | Reached skill level 5 in Bows
 10499 | D:8      | Reached skill level 5 in Crossbows
 10499 | D:8      | Reached skill level 5 in Throwing
 10499 | D:8      | Reached skill level 5 in Stealth
 10499 | D:8      | Reached skill level 5 in Shields
 10499 | D:8      | Reached skill level 5 in Unarmed Combat
 10499 | D:8      | Reached skill level 5 in Spellcasting
 10499 | D:8      | Reached skill level 5 in Evocations
 10807 | D:8      | Noticed noodleboyJ's ghost (novice GnWn)
 10869 | D:9      | Noticed Psyche
 10931 | D:8      | Noticed Psyche
 10931 | D:8      | Psyche changed into Psyche the fire bat
 10962 | D:8      | Killed Psyche the fire bat
 11098 | D:9      | Noticed Maggie
 11101 | D:9      | Noticed Maggie
 11101 | D:9      | Maggie changed into Maggie the wolf
 11114 | D:9      | Killed Maggie the wolf
 11387 | D:9      | Found an ornate altar of the Wu Jian Council.
 11467 | D:9      | Found a transporter.
 11468 | D:9      | Noticed LuckyCharm's ghost (amateur FoAK)
 11468 | D:9      | Noticed a two-headed ogre
 11470 | D:9      | Noticed a two-headed ogre
 11520 | D:9      | Found a transporter.
 11827 | D:10     | Entered Level 10 of the Dungeon
 12047 | D:9      | Reached skill level 8 in Slings
 12158 | D:10     | Noticed a two-headed ogre
 12161 | D:10     | Noticed a two-headed ogre
 12212 | D:9      | Killed a two-headed ogre
 12448 | D:10     | Killed a two-headed ogre
 12449 | D:10     | Reached XP level 11. HP: 87/87 MP: 19/19
 12492 | D:10     | Found a shadowy altar of Dithmenos.
 12498 | D:10     | Found an iron altar of Okawaru.
 12501 | D:10     | Found a stormy altar of Qazlal.
 12635 | D:10     | Reached skill level 5 in Conjurations
 12635 | D:10     | Reached skill level 5 in Hexes
 12635 | D:10     | Reached skill level 5 in Summonings
 12635 | D:10     | Reached skill level 5 in Necromancy
 12635 | D:10     | Reached skill level 5 in Translocations
 12635 | D:10     | Reached skill level 5 in Transmutations
 12635 | D:10     | Reached skill level 5 in Fire Magic
 12635 | D:10     | Reached skill level 5 in Ice Magic
 12635 | D:10     | Reached skill level 5 in Air Magic
 12635 | D:10     | Reached skill level 5 in Earth Magic
 12635 | D:10     | Reached skill level 5 in Poison Magic
 13059 | D:11     | Found a staircase to the Lair.
 13061 | D:11     | Noticed an oklob plant
 13156 | D:11     | Found a runed translucent gate.
 13156 | D:11     | Found a runed translucent gate.
 13156 | D:11     | Found a runed translucent gate.
 13173 | D:11     | Noticed a phantasmal warrior
 13175 | D:11     | Noticed thegreatwait's ghost (journeyman DgCj)
 13363 | D:11     | Noticed a cyclops
 13368 | D:11     | Killed a cyclops
 13369 | D:11     | Reached skill level 9 in Slings
 13464 | D:11     | Noticed an oklob plant
 13680 | D:11     | Noticed a two-headed ogre
 13689 | D:11     | Killed a two-headed ogre
 14120 | D:12     | Noticed Azrael
 14188 | D:12     | Noticed Nessos
 14196 | D:12     | Killed Nessos
 14375 | D:12     | Reached XP level 12. HP: 80/96 MP: 22/22
 14591 | D:13     | Found a runed translucent gate.
 14591 | D:13     | Found a runed translucent gate.
 14600 | D:13     | Noticed a centaur warrior
 14609 | D:13     | Killed a centaur warrior
 14610 | D:13     | Reached skill level 10 in Slings
 14681 | D:13     | Noticed a two-headed ogre
 14684 | D:13     | Found a runed translucent gate.
 14689 | D:13     | Banished a two-headed ogre
 14772 | D:13     | Found a gate to the Vaults.
 14979 | D:12     | Banished Azrael
 14996 | D:12     | HP: 4/97 [hell hound/blast of flame[Azrael] (23)]
 15073 | D:12     | Escaped the Abyss
 15078 | D:12     | Reached skill level 10 in Fighting
 15162 | D:12     | Found a staircase to the Orcish Mines.
 15477 | D:12     | Noticed Rupert
 15490 | D:12     | Paralysed by Rupert for 2 turns
 15493 | D:12     | Banished Rupert
 15699 | D:12     | Reached XP level 13. HP: 88/103 MP: 24/24
 15709 | Orc:1    | Entered Level 1 of the Orcish Mines
 15710 | Orc:1    | Noticed an ettin
 15717 | Orc:1    | Banished an ettin
 15718 | Orc:1    | Reached skill level 11 in Slings
 16351 | Orc:2    | Entered Level 2 of the Orcish Mines
 16357 | Orc:2    | Found a staircase to the Elven Halls.
 16483 | Orc:1    | Reached skill level 10 in Invocations
 16500 | Orc:2    | Noticed Maurice
 16981 | Orc:2    | Paralysed by an ogre mage for 6 turns
 16985 | Orc:2    | HP: 3/104 [troll (4)]
 16985 | Orc:2    | Slain by an ogre mage

Illustrated notes

Levels and vault maps discovered:
D:1:      psy_arrival_radial02, layout_basic, serial_bayou_pond_a
D:2:      layout_loops_ring, shapermc_ecumenical_altar_notcrosses
D:3:      layout_rooms, nicolae_vehumet_altar_sigil,
          lemuel_coloured_pillars_altar, goddamned_bats
D:4:      layout_basic, portal_sewer_entry_b, grunt_ministairs_2, uniq_eustachio
D:5:      layout_cave_pools, nicolae_overflow_hidden_temple,
          amcnicky_altar_gilded, lemuel_tele_altar, nicolae_uskayaw_suspiria,
          minmay_temple_entry_arrows, serial_shops, shop
D:6:      layout_rooms, uniq_sigmund
D:7:      layout_rooms, tgw_xom
D:8:      layout_cave_pods, kennysheep_little_box, gammafunk_ghost_icy
D:9:      layout_cross, nzn_wu_jian_council_hall, gammafunk_ghost_smash,
          uniq_maggie, uniq_psyche
D:10:     layout_rooms, minmay_overflow_temple_star_quad
D:11:     layout_stronghold, dpeg_oklobed_lair, gammafunk_ghost_split,
          grunt_livestock, kennysheep_generic_room_12
D:12:     layout_basic, erik_orc_4, gauntlet_entry_generic, water_maze_lemuel,
          uniq_rupert, uniq_azrael, uniq_nessos
D:13:     layout_cave_pools, david_vaults_1, gammafunk_ghost_nasty_kobolds
Orc:1:    layout_caves
Orc:2:    st_orc_open, layout_caves, uniq_maurice

Skill      XL: |  1  2  3  4  5  6  7  8  9 10 11 12 13 |
---------------+----------------------------------------+-----
Slings         | 1 2 3 4 5 6 8 9 10 11 | 11.3
Short Blades   | 1 2 3 4 5 6 7 8 |  8.1
Long Blades    | 1 2 3 4 5 6 7 8 |  8.1
Axes           | 1 2 3 4 5 6 7 8 |  8.1
Maces & Flails | 1 2 3 4 5 6 7 8 |  8.1
Staves         | 1 2 3 4 5 6 7 8 |  8.1
Bows           | 1 2 3 4 5 6 7 8 |  8.1
Crossbows      | 1 2 3 4 5 6 7 8 |  8.1
Throwing       | 1 2 3 4 5 6 7 8 |  8.1
Stealth        | 1 2 3 4 5 6 7 8 |  8.1
Shields        | 1 2 3 4 5 6 7 8 |  8.1
Unarmed Combat | 1 2 3 4 5 6 7 8 |  8.1
Spellcasting   | 1 2 3 4 5 6 7 8 |  8.1
Evocations     | 1 2 3 4 5 6 7 8 |  8.1
Conjurations   | 1 2 3 4 5 6 |  6.7
Hexes          | 1 2 3 4 5 6 |  6.7
Summonings     | 1 2 3 4 5 6 |  6.7
Necromancy     | 1 2 3 4 5 6 |  6.7
Translocations | 1 2 3 4 5 6 |  6.7
Transmutations | 1 2 3 4 5 6 |  6.7
Fire Magic     | 1 2 3 4 5 6 |  6.7
Ice Magic      | 1 2 3 4 5 6 |  6.7
Air Magic      | 1 2 3 4 5 6 |  6.7
Earth Magic    | 1 2 3 4 5 6 |  6.7
Poison Magic   | 1 2 3 4 5 6 |  6.7
Dodging        | 3 4 5 6 7 8 |  8.6
Invocations    | 5 6 7 8 9 10 | 10.0
Polearms       | 5 6 7 8 9 |  9.4
Armour         | 5 6 7 8 9 |  9.4
Fighting       | 7 8 9 10 | 10.4

Action                   |  1- 3 |  4- 6 |  7- 9 | 10-12 | 13-15 || total
-------------------------+-------+-------+-------+-------+-------++-------
Melee: Spear             |    83 |   230 |    32 |       |       ||   345
       Bite              |       |    19 |    58 |    77 |    21 ||   175
       Dagger            |       |    49 |   312 |       |       ||   361
       Long sword        |       |       |   169 |   229 |       ||   398
       Falchion          |       |       |    18 |       |       ||    18
       Unarmed           |       |       |       |    18 |       ||    18
       War axe           |       |       |       |   417 |   181 ||   598
Throw: Boomerang         |     8 |     9 |       |       |       ||    17
       Dart              |       |       |       |     3 |     2 ||     5
 Cast: Beastly Appendage |       |       |     1 |       |       ||     1
       Ensorcelled Hiber |       |       |       |     6 |       ||     6
Invok: Banish            |       |       |     1 |     9 |     1 ||    11
       Depart the Abyss  |       |       |       |     1 |       ||     1
       Enter the Abyss   |       |       |       |     1 |       ||     1
Evoke: Wand              |       |       |       |    19 |     2 ||    21
  Use: Scroll            |     1 |     1 |     7 |    13 |     1 ||    23
       Potion            |       |       |     3 |     3 |       ||     6
 Stab: Sleeping          |       |       |     4 |     3 |     1 ||     8
       Paralysed         |       |       |       |    10 |       ||    10
Armor: Leather armour    |    38 |    13 |       |       |       ||    51
       Ring mail         |       |   117 |   143 |   293 |       ||   553
       Skin              |       |       |    17 |       |       ||    17
       Troll leather arm |       |       |       |     3 |    65 ||    68
Dodge: Dodged            |    59 |   183 |   457 |   534 |   115 ||  1348
Block: Buckler           |       |     9 |   123 |    56 |       ||   188
       Tower shield      |       |       |       |   691 |   214 ||   905
       Reflection        |       |       |       |    26 |     1 ||    27
       Rpst.: Long sword |       |       |    49 |    75 |       ||   124
       Falchion          |       |       |    10 |       |       ||    10

Table legend: (Time is in decaauts)
 A = Elapsed time spent in this place.
 B = Non-inter-level travel time spent in this place.
 C = Inter-level travel time spent in this place.
 D = Time resting spent in this place.
 E = Time spent auto-exploring this place.
 F = Levels seen in this place.
 G = Mean time per level.
                   A        B        C        D        E       F      G
               +--------+--------+--------+--------+--------+-----+--------+
         Total |  17397 |  16707 |    690 |   3464 |   8938 |  18 |  966.5 |
       Dungeon |  15475 |  14939 |    536 |   3247 |   8073 |  13 | 1190.4 |
  Orcish Mines |   1279 |   1125 |    154 |    142 |    481 |   2 |  639.5 |
         Abyss |    206 |    206 |      0 |     75 |     88 |   2 |  103.0 |
         Sewer |    435 |    435 |      0 |      0 |    296 |   1 |  435.0 |
               +--------+--------+--------+--------+--------+-----+--------+

Top non-repeatable levels by time:
     D:4: 2032 daAuts
     D:5: 1999 daAuts
     D:1: 1488 daAuts
    D:11: 1420 daAuts
     D:7: 1353 daAuts
    D:12: 1287 daAuts
   Orc:1: 1196 daAuts
     D:8: 1190 daAuts
     D:9: 1129 daAuts
     D:2: 985 daAuts
    D:10: 789 daAuts
     D:6: 727 daAuts
     D:3: 700 daAuts
   Sewer: 435 daAuts
    D:13: 370 daAuts
